 Dungeon Crawl Stone Soup version 0.29.1-4-g47bece8355 (webtiles) character file.

Game seed: 3044100076195821551

132 concernfroge the Trooper (level 4, 0/40 HPs)
             Began as a Mummy Monk on Dec 9, 2022.
             Constricted to death by Dowan (4 damage)
             ... on level 4 of the Dungeon.
             The game lasted 00:05:49 (2455 turns).

concernfroge the Trooper (Mummy Monk)               Turns: 2455, Time: 00:05:51

Health: 0/40       AC:  9    Str: 13    XL:     4   Next: 92%
Magic:  4/4        EV:  3    Int:  9    God:
Gold:   109        SH:  0    Dex: 19    Spells: 3/3 levels left

rFire   x . .      SeeInvis .   a - +6 quarterstaff of Internal Strife {vorpal, rC+ Str-3 Dex+5 Stlth+}
rCold   + + .      Faith    .   (shield currently unavailable)
rNeg    + + +      Spirit   .   g - +0 chain mail
rPois   ∞          Reflect  .   (no helmet)
rElec   .          Harm     .   n - scarf {+Inv}
rCorr   .          Rampage  .   (no gloves)
Will    .....                   k - +0 pair of boots
Stlth   ..........              (no amulet)
HPRegen 0.13/turn               (no ring)
MPRegen 0.09/turn               (no ring)

@: grasped by roots, constricted
A: cold resistance 1, negative energy resistance 3, torment resistance 2, heat
vulnerability 1, in touch with death 1, no potions
a: Evoke Invisibility


You were on level 4 of the Dungeon.
You visited 1 branch of the dungeon, and saw 4 of its levels.

You collected 109 gold pieces.

Inventory:

Hand Weapons
 a - the +6 quarterstaff of Internal Strife (weapon) {vorpal, rC+ Str-3 Dex+5 Stlth+}
   (You found it on level 3 of the Dungeon)

   It inflicts extra damage upon your enemies.
   Str:       It affects your strength (-3).
   Dex:       It affects your dexterity (+5).
   rC:        It protects you from cold.
   Stlth:     It makes you more stealthy.
 b - a +4 spear
 f - a +0 halberd
Armour
 g - a +0 chain mail (worn)
 k - a +0 pair of boots (worn)
 n - a scarf of invisibility (worn)
Scrolls
 c - 3 scrolls of identify {unknown}
 d - 2 scrolls of torment {unknown}
 e - 2 scrolls of fear {unknown}


   Skills:
 + Level 5.7 Fighting
 - Level 2.4 Polearms
 - Level 2.4 Dodging
 - Level 1.5 Stealth


You had 3 spell levels left.
You didn't know any spells.
Your spell library contained the following spells:

 Spells                   Type           Power      Damage    Failure   Level
 Stone Arrow              Conj/Erth      0%         3d7       100%        3
 Animate Armour           Summ/Erth      0%         N/A       100%        4
 Lehudib's Crystal Spear  Conj/Erth      0%         10d2      100%        8


Dungeon Overview and Level Annotations

Branches:
Dungeon (4/15)
 Temple: D:4-7

Altars:

Annotations:
D:2 Sigmund
D:4 Dowan, Duvessa


Innate Abilities, Weirdness & Mutations

You are immune to poison.
Your flesh is cold resistant. (rC+)
You are immune to negative energy. (rN+++)
You are immune to unholy pain and torment.
You are vulnerable to heat. (rF-)
You are in touch with the powers of death.
You do not drink.


Message History

Duvessa completely misses you.
Duvessa hits you with a +2 short sword of freezing.
You sock Duvessa!
Duvessa is severely wounded.
Duvessa looks more healthy.
Duvessa hits you but does no damage.
Duvessa hits you with a +2 short sword of freezing!
Duvessa freezes you.
You barely miss Duvessa.
Duvessa is severely wounded.
Duvessa hits you with a +2 short sword of freezing.
Dowan says, "My weaknesses are her strengths!"
Duvessa closely misses you.
You hit Duvessa but do no damage.
Duvessa is severely wounded.
Duvessa hits you but does no damage.
Dowan hits you with a +1 dagger of venom.
Duvessa hits you with a +2 short sword of freezing.
Dowan hits you with a +1 dagger of venom.
You are too injured to fight recklessly!
Duvessa attacks as you move away!
Duvessa hits you with a +2 short sword of freezing.
As you read the scroll labelled ELUNIPH UMELOBLE, it crumbles to dust.
The creatures around you are filled with an inner flame!
It was a scroll of immolation.
Duvessa hits you with a +2 short sword of freezing.
Duvessa hits you with a +2 short sword of freezing!
* * * LOW HITPOINT WARNING * * *
Duvessa freezes you.
* * * LOW HITPOINT WARNING * * *
Throw: throwing net
Press: ? - help, Q - select action, (/) - cycle Shift-Dir - straight line, f/p - Duvessa
Aim: Duvessa, wielding a +2 short sword of freezing and wearing a +0 chain mail (severely wounded, fast, inner flame, 73% to hit)
You throw a throwing net. The throwing net hits Duvessa.
Duvessa is caught in the net!
Duvessa is severely wounded.
Duvessa struggles against the net.
Dowan zaps a wand.
The roots erupt in riotous growth!
Duvessa is unaffected.
The grasping roots grab you!
Dowan is unaffected.
The grasping roots constrict you.
You die...

#........#,* *,*
#.########.# *,* #.# *.#
*,* #.# *.# *,** #.# *.#
*,,, #.# *.###***********
#.# *...,,,,,,,,*
#.########(######***,****
#.°.....@ee......* *,,,,,
##########.#####.* *,,,,*
*.# *,***,,*,, *)#
*,,,,*,,,* *.# *****,****
*.#********,*
*..,,,,,,,,,*
*.#********,*
*,*********,*


You could see Duvessa (fast, inner flame, caught) and Dowan (inner flame).

Vanquished Creatures
  An orc priest (D:3)
  Natasha (D:4)
  A gnoll (D:4)
  An adder (D:2)
  2 worms (D:2)
  3 dart slugs
  4 orcs (D:3)
  6 ball pythons
  3 bats
  3 endoplasms
  2 hobgoblins
  4 jackals (D:1)
  2 quokkas
  4 goblins
  2 kobolds
  4 rats
43 creatures vanquished.

Notes
Turn   | Place    | Note
-------+----------+-------------------------------------------
     0 | D:1      | concernfroge the Mummy Monk began the quest for the Orb.
     0 | D:1      | Reached XP level 1. HP: 18/18 MP: 1/1
   280 | D:1      | Reached XP level 2. HP: 24/24 MP: 2/2
   285 | D:1      | Found a faded altar of an unknown god.
   464 | D:1      | Reached skill level 4 in Fighting
   940 | D:2      | Gained mutation: You are in touch with the powers of death.
                  | [Mummy growth]
   940 | D:2      | Reached XP level 3. HP: 27/30 MP: 3/3
  1308 | D:2      | Noticed Sigmund
  1508 | D:3      | Identified the +6 quarterstaff of Internal Strife {vorpal,
                  | rC+ Str-3 Dex+5 Stlth+}
  1722 | D:3      | Reached skill level 5 in Fighting
  1722 | D:3      | Reached XP level 4. HP: 35/39 MP: 4/4
  2175 | D:4      | Noticed Natasha
  2182 | D:4      | Killed Natasha
  2436 | D:4      | Noticed Dowan
  2437 | D:4      | Noticed Duvessa
  2455 | D:4      | Constricted to death by Dowan

Illustrated notes

Levels and vault maps discovered:
D:1:      psy_arrival_basics, layout_loops_ring,
          shapermc_ecumenical_altar_totnotflames
D:2:      layout_loops_ring, uniq_sigmund
D:3:      layout_basic
D:4:      layout_loops_ring, nicolae_overflow_hidden_temple, uniq_natasha,
          uniq_duvessa

Skill      XL: |  1  2  3 |
---------------+----------+-----
Fighting       | 4 5 |  5.7
Polearms       | |  2.4
Dodging        | |  2.4
Stealth        | |  1.5

Action                   |  1- 3 |  4- 6 || total
-------------------------+-------+-------++-------
Melee: Spear             |   132 |       ||   132
       Quarterstaff      |     7 |    21 ||    28
Throw: Dart              |     6 |     4 ||    10
       Throwing net      |       |     2 ||     2
  Use: Scroll            |     1 |     3 ||     4
 Stab: Sleeping          |     6 |       ||     6
Armor: Robe              |     8 |       ||     8
       Chain mail        |    32 |     8 ||    40
Dodge: Dodged            |    56 |     8 ||    64
